 Dungeon Crawl Stone Soup version 0.28-a0-662-g1651b1f1e0 (webtiles) character file.

Game seed: 6958558245373622150

5883 dracfodder the Fighter (level 10, -9/64 HPs)
             Began as a Gargoyle Berserker on Oct 11, 2021.
             Was a High Priest of Trog.
             Mangled by a two-headed ogre (25 damage)
             ... on level 2 of the Orcish Mines on Oct 14, 2021.
             The game lasted 00:41:52 (9712 turns).

dracfodder the Fighter (Gargoyle Berserker)         Turns: 9712, Time: 00:41:53

Health: -9/64      AC: 25    Str: 31    XL:     10   Next: 82%
Magic:  10/10      EV: 11    Int: 10    God:    Trog [*****.]
Gold:   744        SH:  0    Dex: 15    Spells: 9/9 levels left

rFire   + . .      SeeInvis .   a - +1 war axe (vorpal)
rCold   . . .      Faith    .   (no shield)
rNeg    + . .      Spirit   .   w - +1 chain mail "Ehyzaluno" {-Cast rCorr Str+3}
rPois   ∞          Reflect  .   (helmet restricted)
rElec   +          Harm     .   k - +0 cloak of Darkness {rF+ rCorr Str+4 Int-4}
rCorr   +          Rampage  +   l - +1 pair of gloves
Will    .....      Rage     1%  x - +2 pair of boots {rampage} Stlth ..........NoCast +
                                t - amulet of the acrobat
HPRegen 0.20/turn               h - +6 ring of intelligence
MPRegen 0.12/turn               o - +6 ring of dexterity

@: on berserk cooldown, slowed, very slow
A: sickness immunity, AC +7, negative energy resistance 1, electricity
resistance, torment resistance 1, petrification resistance, horns 1, berserk 1
a: Renounce Religion, Berserk, Trog's Hand, Brothers in Arms


You were on level 2 of the Orcish Mines.
You worshipped Trog.
Trog was extremely pleased with you.
You visited 3 branches of the dungeon, and saw 13 of its levels.

You collected 744 gold pieces.

Inventory:

Hand Weapons
 a - a +1 vorpal war axe (weapon)
 b - a +1 vorpal shortbow
 I - a +1 mace of holy wrath
Missiles
 g - 342 stones
 p - 42 poisoned darts (quivered)
 q - 2 boomerangs
 r - a silver boomerang
 u - 4 throwing nets
 y - 3 boomerangs of dispersal
 E - 6 curare-tipped darts
 H - 90 arrows
Armour
 k - the +0 cloak of Darkness (worn) {rF+ rCorr Str+4 Int-4}
   (You found it on level 5 of the Dungeon)

   Str:       It affects your strength (+4).
   Int:       It affects your intelligence (-4).
   rF:        It protects you from fire.
   rCorr:     It protects you from acid and corrosion.
 l - a +1 pair of gloves (worn)
 w - the +1 chain mail "Ehyzaluno" (worn) {-Cast rCorr Str+3}
   (You found it on level 5 of the Dungeon)

   Str:       It affects your strength (+3).
   -Cast:     It prevents spellcasting.
   rCorr:     It protects you from acid and corrosion.
 x - a +2 pair of boots of rampaging (worn)
Jewellery
 h - a +6 ring of intelligence (left hand)
 n - a ring of flight
 o - a +6 ring of dexterity (right hand)
 t - an amulet of the acrobat (around neck)
Wands
 m - a wand of paralysis (7)
 v - a wand of iceblast (20)
 G - a wand of flame (21)
Scrolls
 c - a scroll of magic mapping
 d - 3 scrolls of teleportation
Potions
 e - a potion of berserk rage
 f - a potion of magic
 s - a potion of resistance
 z - 2 potions of might
 A - a potion of curing
 B - a potion of heal wounds
 D - 3 potions of haste {unknown}
 F - 2 potions of lignification {unknown}


   Skills:
 * Level 8.2 Fighting
 + Level 8.1(9.4) Axes
 * Level 7.9(9.8) Maces & Flails
 + Level 3.0 Bows
 + Level 1.8 Throwing
 + Level 6.3 Armour
 + Level 4.3 Dodging
 + Level 1.4 Stealth


You had 9 spell levels left.
You didn't know any spells.
Your spell library was empty.

Dungeon Overview and Level Annotations

Branches:
Dungeon (10/15)            Temple (1/1) D:7             Orc (2/2) D:9
   Lair: D:8-11         Elf: Orc:2

Altars:
Ashenzari
Cheibriados
Dithmenos
Elyvilon
Fedhas
Gozag
Hepliaklqana
Kikubaaqudgha
Makhleb
Nemelex Xobeh
Okawaru
Qazlal
Ru
Sif Muna
Trog
Uskayaw
Vehumet
Wu Jian
Xom
Yredelemnul
Zin
The Shining One

Shops:
D:3 [


Innate Abilities, Weirdness & Mutations

You are immune to sickness and miasma.
Your stone body is resilient. (AC +7)
You are immune to poison.
You resist negative energy. (rN+)
You are resistant to electric shocks. (rElec)
You are resistant to unholy torment.
You are immune to petrification.
You have a pair of small horns on your head.
You tend to lose your temper in combat.


Message History

Trog accepts your kill.
You slash the orc!
You kill the orc!
Trog accepts your kill.
You rampage towards the orc!
You closely miss the orc. The orc hits you but does no damage.
You slash the orc!
You kill the orc!
Trog accepts your kill.
No target in view!
Things that are here:
a +0 dagger; an orc corpse You feel a strong urge to attack something.
Items here: )))) [ †.
Items here: ))) [ †††.
You feel your anger nearly subside.
You are no longer berserk.
You are exhausted.
You feel yourself slow down.
Items here: )))) [ †.
Things that are here:
a +0 club; a +0 scale mail; an orc corpse A two-headed ogre comes into view.
It is wielding a +0 giant spiked club and a +0 giant club.
The two-headed ogre shouts in stereo!
Things that are here:
a +0 giant spiked club; an ogre corpse You see here a warg corpse.
You barely miss the two-headed ogre.
The two-headed ogre hits you with a +0 giant spiked club!
The two-headed ogre hits you with a +0 giant club!
The two-headed ogre hits you with a +0 giant spiked club.
The two-headed ogre hits you with a +0 giant club.
* * * LOW HITPOINT WARNING * * *
You closely miss the two-headed ogre.
The two-headed ogre hits you with a +0 giant spiked club.
* * * LOW HITPOINT WARNING * * *
The two-headed ogre barely misses you.
You hit the two-headed ogre.
The two-headed ogre is lightly wounded.
The two-headed ogre hits you with a +0 giant spiked club!!
You die...

##....###.....#..†[)....#
#...##.##.##.....)[<....#
####.......#......[))...#
#........##.#.......##
###........#.#......##
##..................##
#..............##...##
#..............###...##
#.......@.......##....#
#....#.O.........##...##
#...#..#..........#....#
#####....#........##)..#
##.#†.####..##.....#...#
#...)## #### .....##..#
##...## #...## #...#
#....# #.....# ....#
##...###....... ....#


You could see a two-headed ogre.

Vanquished Creatures
  2 two-headed ogres
  A troll (Orc:2)
  Grinder (D:3)
  Edmund (D:5)
  3 wargs (Orc:2)
  An ice beast (D:6)
  A hornet zombie (D:8)
  2 orc warriors
  2 sky beasts
  3 ogres (Orc:2)
  2 black bears (D:4)
  4 centaurs
  2 kobold brigands
  3 bullfrogs
  A gnoll sergeant (D:6)
  2 scorpions
  A water moccasin skeleton (D:7)
  4 wights (D:8)
  A howler monkey (D:8)
  A bullfrog zombie (D:5)
  2 centaur zombies
  3 hounds
  9 orc priests
  A bullfrog skeleton (D:4)
  6 iguanas
  Natasha (thrice) (D:2)
  16 orc wizards
  A killer bee zombie (D:7)
  Robin (D:3)
  12 gnolls
  8 adders
  A worm (D:2)
  63 orcs
  3 bats
  8 endoplasms
  2 giant cockroaches (D:1)
  14 goblins
  10 hobgoblins
  7 jackals
  2 quokkas
  13 ball pythons
  2 frilled lizards
  14 kobolds
  3 rats (D:2)
242 creatures vanquished.

Vanquished Creatures (collateral kills)
  3 orc warriors (D:9)
3 creatures vanquished.

Vanquished Creatures (others)
  An orc wizard (D:9)
1 creature vanquished.

Grand Total: 246 creatures vanquished

Notes
Turn   | Place    | Note
-------+----------+-------------------------------------------
     0 | D:1      | dracfodder the Gargoyle Berserker began the quest for the
                  | Orb.
     0 | D:1      | Reached XP level 1. HP: 14/14 MP: 1/1
    86 | D:1      | You fall into a shaft and drop 1 floor!
   102 | D:2      | Reached XP level 2. HP: 7/19 MP: 2/2
   461 | D:1      | Reached XP level 3. HP: 20/24 MP: 3/3
   749 | D:1      | Reached ** piety under Trog
  1174 | D:2      | Noticed Natasha
  1182 | D:2      | Killed Natasha
  1183 | D:2      | Reached XP level 4. HP: 29/29 MP: 4/4
  1367 | D:3      | Noticed Robin
  1384 | D:3      | Killed Robin
  1495 | D:2      | Reached XP level 5. HP: 31/33 MP: 5/5
  1548 | D:2      | Gained mutation: You tend to lose your temper in combat.
                  | [potion of mutation]
  1548 | D:2      | Gained mutation: You have a pair of small horns on your
                  | head. [potion of mutation]
  1610 | D:2      | Noticed Natasha
  1614 | D:2      | Killed Natasha
  1615 | D:2      | Reached skill level 1 in Axes
  1718 | D:2      | Noticed Natasha
  1733 | D:2      | Killed Natasha
  2120 | D:4      | Found a radiant altar of Vehumet.
  2240 | D:3      | Reached *** piety under Trog
  2241 | D:3      | Reached XP level 6. HP: 36/38 MP: 6/6
  2651 | D:3      | Noticed a +0 falchion
  2651 | D:3      | Noticed a +0 dagger
  2651 | D:3      | Noticed a +0 spear
  2652 | D:3      | Noticed a +0 short sword
  2652 | D:3      | Noticed a +0 dagger
  2652 | D:3      | Noticed a +0 spear
  2653 | D:3      | Noticed a +0 short sword
  2653 | D:3      | Noticed a +0 falchion
  2668 | D:3      | Found a hide-covered altar of Uskayaw.
  2814 | D:3      | Found Fyuptedd's Armour Shoppe.
  2815 | D:3      | Noticed Grinder
  2833 | D:3      | Killed Grinder
  2834 | D:3      | Reached skill level 5 in Maces & Flails
  2834 | D:3      | Reached XP level 7. HP: 38/44 MP: 7/7
  3099 | D:4      | Reached skill level 5 in Fighting
  3172 | D:4      | Reached skill level 1 in Throwing
  3357 | D:5      | Entered Level 5 of the Dungeon
  3510 | D:4      | Reached skill level 1 in Stealth
  3860 | D:4      | Reached XP level 8. HP: 50/50 MP: 8/8
  4316 | D:5      | Noticed Edmund
  4323 | D:5      | Killed Edmund
  4373 | D:5      | Identified the +1 chain mail "Ehyzaluno" {-Cast rCorr
                  | Str+3}
  4475 | D:5      | Identified the +0 cloak of Darkness {rF+ rCorr Str+4 Int-4}
  4502 | D:5      | Reached **** piety under Trog
  4742 | D:6      | Reached skill level 5 in Axes
  5157 | D:6      | Found a faded altar of an unknown god.
  5157 | D:6      | Found a hazy altar of Hepliaklqana.
  5159 | D:6      | Found a faded altar of an unknown god.
  5258 | D:6      | Found a glowing silver altar of Zin.
  5545 | D:6      | Reached XP level 9. HP: 55/55 MP: 9/9
  6145 | D:7      | Found a glowing golden altar of the Shining One.
  6173 | D:7      | Found a staircase to the Ecumenical Temple.
  6188 | Temple   | Entered the Ecumenical Temple
  6886 | D:7      | Upgraded the game from 0.28-a0-653-g7e9dba17c3 to
                  | 0.28-a0-662-g1651b1f1e0
  7029 | D:7      | Found a shimmering blue altar of Sif Muna.
  7029 | D:7      | Found a white marble altar of Elyvilon.
  7182 | D:8      | Noticed a two-headed ogre
  7192 | D:8      | Killed a two-headed ogre
  7193 | D:8      | Reached skill level 5 in Armour
  7530 | D:8      | Reached XP level 10. HP: 27/63 MP: 10/10
  8041 | D:8      | Found an ornate altar of the Wu Jian Council.
  8731 | D:10     | Entered Level 10 of the Dungeon
  8735 | D:9      | Found a basalt altar of Yredelemnul.
  8915 | D:9      | Noticed a two-headed ogre
  8922 | D:9      | Killed a two-headed ogre
  9014 | D:9      | Found a shadowy altar of Dithmenos.
  9144 | D:9      | Found a staircase to the Orcish Mines.
  9162 | Orc:1    | Entered Level 1 of the Orcish Mines
  9416 | Orc:2    | Entered Level 2 of the Orcish Mines
  9478 | Orc:2    | Reached ***** piety under Trog
  9697 | Orc:2    | Noticed a two-headed ogre
  9712 | Orc:2    | Mangled by a two-headed ogre

Illustrated notes

Levels and vault maps discovered:
D:1:      eino_arrival_water_cross, layout_rooms
D:2:      layout_loops_corners, minmay_misc_feat_secret_circle, uniq_natasha
D:3:      kennysheep_big_flooded_room, layout_basic, nicolae_uskayaw_en_pointe,
          serial_shops, nicolae_diamond_shop, uniq_robin, uniq_grinder
D:4:      layout_layer_cave, nicolae_vehumet_radiance
D:5:      layout_rooms, uniq_edmund
D:6:      layout_gridville, mainiacjoe_overflow_small_starburst,
          nicolae_hepliaklqana_ecumenical_no_more
D:7:      layout_loops_ring, tso_oasis_becter,
          gammafunk_temple_overflow_elements, minmay_temple_entry_sparse_star
D:8:      layout_gridville, nicolae_overflow_crystal_walls
D:9:      lemuel_flame_loot_2, layout_cross, general_overflow_altar,
          grunt_dithmenos_smoke, david_orc_4, serial_park_tiny_2
D:10:     layout_basic, due_lair_maze_entry_diamond, uniq_nergalle,
          uniq_josephine
Temple:   minmay_temple_forest_path
Orc:1:    layout_diamond_mine
Orc:2:    pubby_orc_utopia, uniq_jorgrun, uniq_azrael

Skill      XL: |  1  2  3  4  5  6  7  8  9 10 |
---------------+-------------------------------+-----
Dodging        | 2 3 4 |  4.3
Maces & Flails | 4 5 6 7 |  7.9
Fighting       | 4 5 6 7 8 |  8.2
Axes           | 1 2 3 5 7 8 |  8.1
Throwing       | 1 |  1.8
Armour         | 3 5 6 |  6.3
Stealth        | 1 |  1.4
Bows           | 3 |  3.0

Action                   |  1- 3 |  4- 6 |  7- 9 | 10-12 || total
-------------------------+-------+-------+-------+-------++-------
Melee: Mace              |    28 |       |       |     6 ||    34
       Hand axe          |    54 |   117 |   245 |     5 ||   421
       Headbutt          |       |    15 |    58 |    32 ||   105
       War axe           |       |       |       |   103 ||   103
 Fire: Shortbow          |       |       |       |    40 ||    40
Throw: Dart              |       |    15 |    14 |       ||    29
Invok: Berserk           |       |     2 |     6 |     3 ||    11
       Trog's Hand       |       |     2 |     3 |     3 ||     8
       Brothers in Arms  |       |       |       |     1 ||     1
  Use: Scroll            |     2 |     4 |    12 |     3 ||    21
       Potion            |       |     1 |       |     1 ||     2
Armor: Animal skin       |     4 |       |       |       ||     4
       Leather armour    |    33 |    56 |    66 |       ||   155
       Chain mail        |       |       |   110 |   103 ||   213
Dodge: Dodged            |    77 |    68 |   195 |    98 ||   438

Table legend: (Time is in decaauts)
 A = Elapsed time spent in this place.
 B = Non-inter-level travel time spent in this place.
 C = Inter-level travel time spent in this place.
 D = Time resting spent in this place.
 E = Time spent auto-exploring this place.
 F = Levels seen in this place.
 G = Mean time per level.
                   A        B        C        D        E       F      G
               +--------+--------+--------+--------+--------+-----+--------+
         Total |   9890 |   9484 |    406 |   1397 |   5671 |  13 |  760.8 |
       Dungeon |   8946 |   8583 |    363 |   1349 |   5100 |  10 |  894.6 |
        Temple |    377 |    334 |     43 |      0 |    322 |   1 |  377.0 |
  Orcish Mines |    566 |    566 |      0 |     47 |    249 |   2 |  283.0 |
               +--------+--------+--------+--------+--------+-----+--------+

Top non-repeatable levels by time:
     D:2: 1362 daAuts
     D:4: 1309 daAuts
     D:7: 1251 daAuts
     D:8: 1225 daAuts
     D:6: 1190 daAuts
     D:3: 908 daAuts
     D:1: 733 daAuts
     D:5: 485 daAuts
     D:9: 477 daAuts
  Temple: 377 daAuts
   Orc:1: 376 daAuts
   Orc:2: 190 daAuts
    D:10: 1 daAuts
